 Dungeon Crawl Stone Soup version 0.29.1-12-g30fa7ad0bf (webtiles) character file.

Game seed: 17498013607427586281

1049 nachturnus the Covered (level 8, -12/56 HPs)
             Began as a Human Gladiator on Jan 2, 2023.
             Was an Initiate of Dithmenos.
             Mangled by an ogre
             ... wielding a +0 giant spiked club
              (17 damage)
             ... on level 5 of the Dungeon.
             The game lasted 00:20:01 (7224 turns).

nachturnus the Covered (Human Gladiator)            Turns: 7224, Time: 00:20:02

Health: -12/56     AC: 15    Str: 27    XL:     8   Next: 50%
Magic:  8/8        EV:  8    Int:  9    God:    Dithmenos [......]
Gold:   177        SH:  3    Dex: 16    Spells: 7/7 levels left

rFire   . . .      SeeInvis .   a - +0 long sword
rCold   . . .      Faith    .   n - +0 buckler
rNeg    . . .      Spirit   .   j - +0 plate armour
rPois   .          Reflect  .   m - +1 helmet
rElec   .          Harm     .   (no cloak)
rCorr   .          Rampage  .   (no gloves)
Will    .....                   (no boots)
Stlth   ..........              (no amulet)
HPRegen 0.18/turn               l - +6 ring of strength
MPRegen 0.11/turn               f - +6 ring of strength

@: no status effects
A: no striking features
a: Renounce Religion


You were on level 5 of the Dungeon.
You worshipped Dithmenos.
Dithmenos was noncommittal.
You visited 2 branches of the dungeon, and saw 6 of its levels.

You collected 357 gold pieces.
You spent 180 gold pieces at shops.

Inventory:

Hand Weapons
 a - a +0 long sword (weapon)
Missiles
 d - 4 throwing nets (quivered)
 e - a javelin
Armour
 j - a +0 plate armour (worn)
 m - a +1 helmet (worn)
 n - a +0 buckler (worn)
Jewellery
 b - a ring of ice
 c - a ring of flight
 f - a +6 ring of strength (right hand)
 l - a +6 ring of strength (left hand)
Scrolls
 i - 2 scrolls of teleportation
 p - a scroll of enchant armour {unknown}
 r - 2 scrolls of magic mapping
 s - a scroll of butterflies {unknown}
Potions
 g - a potion of curing
 h - a potion of magic
 k - a potion of cancellation
 o - a potion of haste {unknown}
 q - a potion of lignification


   Skills:
 - Level 2.1 Fighting
 - Level 6.5 Long Blades
 - Level 2.1 Throwing
 + Level 7.1 Armour
 - Level 3.1 Dodging


You had 7 spell levels left.
You didn't know any spells.
Your spell library contained the following spells:

 Spells                   Type           Power      Damage    Failure   Level
 Poisonous Vapours        Pois/Air       0%         N/A       100%        2
 Scorch                   Fire           0%         2d5       100%        2
 Ozocubu's Armour         Ice            0%         N/A       100%        3
 Stone Arrow              Conj/Erth      0%         3d7       100%        3
 Animate Armour           Summ/Erth      0%         N/A       100%        4
 Corpse Rot               Necr/Pois/Air  0%         N/A       100%        4
 Flame Wave               Conj/Fire      0%         2d4       100%        4
 Summon Cactus Giant      Summ           0%         N/A       100%        6
 Ozocubu's Refrigeration  Ice            0%         4d7       100%        7
 Lehudib's Crystal Spear  Conj/Erth      0%         10d2      100%        8


Dungeon Overview and Level Annotations

Branches:
Dungeon (5/15)             Temple (1/1) D:4

Altars:
Ashenzari
Cheibriados
Dithmenos
Elyvilon
Fedhas
Gozag
Hepliaklqana
Kikubaaqudgha
Makhleb
Nemelex Xobeh
Okawaru
Ru
Sif Muna
Trog
Uskayaw
Vehumet
Wu Jian
Xom
Yredelemnul
Zin
The Shining One

Shops:
D:1 !(*!(   D:2 ?

Annotations:
D:3 Grinder


Message History

You block the jackal's attack.
You hit the jackal.
You kill the jackal!
Dithmenos accepts your kill.
You see here a jackal corpse.
You see here a potion of lignification.
q - a potion of lignification You see here a +0 robe.
You now have 177 gold pieces (gained 10).
Found a stone staircase leading down.
There is a stone staircase leading down here.
You open the door.
An ogre comes into view. It is wielding a +0 giant spiked club.
The ogre shouts!
There is an open door here.
You hit the ogre but do no damage.
The ogre hits you with a +0 giant spiked club!
You hit the ogre.
The ogre is lightly wounded.
You hit the ogre.
The ogre is moderately wounded.
The ogre hits you with a +0 giant spiked club.
You hit the ogre.
The ogre is heavily wounded.
The ogre hits you with a +0 giant spiked club!!
* * * LOW HITPOINT WARNING * * *
You slash the ogre!
The ogre is severely wounded.
The ogre hits you with a +0 giant spiked club!
* * * LOW HITPOINT WARNING * * *
You hit the ogre but do no damage.
The ogre is severely wounded.
The ogre hits you with a +0 giant spiked club.
* * * LOW HITPOINT WARNING * * *
You hit the ogre.
The ogre is almost dead.
You hit the ogre.
The ogre is almost dead.
The ogre hits you with a +0 giant spiked club!
You die...

......##...##
......(...†.# ... .#
.<.......††.+ .. ..#
####..##...## .# ...#
.###..##...######.##...#
.....[........#........#
..............#.......#
..............#.O.....##
..............'.@......#
..#......#..########+###
##########..# #...#
#...# #...# #####


You could see an ogre.

Vanquished Creatures
  Sigmund (D:4)
  A black bear (D:5)
  An ice beast (D:5)
  An ogre (D:4)
  2 phantoms
  2 howler monkeys
  A jelly (D:5)
  5 hounds
  4 gnolls (D:5)
  9 adders
  A shadow imp (D:5)
  A worm (D:2)
  3 dart slugs (D:2)
  4 orcs
  7 endoplasms
  A giant cockroach (D:3)
  10 goblins
  4 hobgoblins
  3 jackals (D:5)
  8 kobolds
  4 quokkas
  8 ball pythons
  6 bats
  2 frilled lizards
  5 rats
94 creatures vanquished.

Vanquished Creatures (others)
  A fungus (D:1)
1 creature vanquished.

Grand Total: 95 creatures vanquished

Notes
Turn   | Place    | Note
-------+----------+-------------------------------------------
     0 | D:1      | nachturnus the Human Gladiator began the quest for the Orb.
     0 | D:1      | Reached XP level 1. HP: 16/16 MP: 1/1
   274 | D:1      | Reached XP level 2. HP: 19/22 MP: 2/2
   392 | D:1      | Found Wuigosol's Weapon Emporium.
   429 | D:1      | Found Zamnuem's Assorted Antiques.
   747 | D:1      | Found Kigry's Distillery.
   876 | D:1      | Reached XP level 3. HP: 27/27 MP: 3/3
   978 | D:1      | Found Ytras's Weapon Shop.
   979 | D:1      | You fall into a shaft and drop 1 floor!
  1416 | D:2      | Found Tydedo Jetue's Magic Scroll Emporium.
  1700 | D:2      | Reached XP level 4. HP: 24/33 MP: 4/4
  1882 | D:1      | Found Duenyud's Distillery.
  1905 | D:1      | Bought a runed helmet for 180 gold pieces
  2165 | D:1      | Found a faded altar of an unknown god.
  2852 | D:3      | Reached skill level 5 in Long Blades
  2963 | D:3      | Noticed Grinder
  2985 | D:2      | Reached XP level 5. HP: 38/38 MP: 5/5
  3920 | D:4      | Noticed an ogre
  4047 | D:4      | Noticed a phantom
  4062 | D:4      | Killed a phantom
  4063 | D:4      | Reached XP level 6. HP: 33/44 MP: 6/6
  4258 | D:4      | Found a staircase to the Ecumenical Temple.
  4267 | Temple   | Entered the Ecumenical Temple
  4499 | Temple   | Became a worshipper of Dithmenos the Shadowed
  4640 | D:4      | Reached skill level 1 in Armour
  4734 | D:4      | Noticed Sigmund
  5035 | D:4      | Killed an ogre
  5036 | D:4      | Reached skill level 2 in Armour
  5036 | D:4      | Reached XP level 7. HP: 17/50 MP: 7/7
  5455 | D:4      | Killed Sigmund
  5456 | D:4      | Reached skill level 4 in Armour
  5802 | D:5      | Entered Level 5 of the Dungeon
  6078 | D:5      | Reached skill level 5 in Armour
  6093 | D:5      | Reached XP level 8. HP: 44/56 MP: 8/8
  6178 | D:5      | Reached skill level 6 in Armour
  6715 | D:5      | Reached skill level 7 in Armour
  7224 | D:5      | Mangled by an ogre

Illustrated notes

Levels and vault maps discovered:
D:1:      amcnicky_arrival_wind_blow, layout_loops_cross, serial_shops, shop,
          shop, shop_coins, shop, shop, shapermc_ecumenical_altar_petra
D:2:      layout_basic, serial_shops, nicolae_shop_behind_doors
D:3:      layout_basic, uniq_grinder
D:4:      layout_cave_pods, minmay_temple_entry_wispy, uniq_sigmund
D:5:      layout_gridville, minmay_fractal_squares_diagonal_5
Temple:   kilobyte_greek_temple

Skill      XL: |  1  2  3  4  5  6  7  8 |
---------------+-------------------------+-----
Long Blades    | 4 5 6 |  6.5
Armour         | 2 5 7 |  7.1
Fighting       | |  2.1
Throwing       | |  2.1
Dodging        | |  3.1

Action                   |  1- 3 |  4- 6 |  7- 9 || total
-------------------------+-------+-------+-------++-------
Melee: Long sword        |   105 |   165 |   144 ||   414
       Punch             |       |     2 |     6 ||     8
  Use: Scroll            |       |     7 |     4 ||    11
       Potion            |       |     1 |     5 ||     6
 Stab: Sleeping          |       |     2 |       ||     2
Armor: Leather armour    |    33 |    35 |       ||    68
       Plate armour      |       |    37 |    89 ||   126
       Skin              |       |       |    42 ||    42
Dodge: Dodged            |    84 |    99 |    45 ||   228
Block: Buckler           |       |       |     2 ||     2
